 Dungeon Crawl Stone Soup version 0.31-a0-236-g9a0961fb85 (webtiles) character file.

Game seed: 2364080676281510288

5016 innerfire43 the Skirmisher (level 10, -7/73 HPs)
             Began as a Demonspawn Monk on July 10, 2023.
             Was a Priest of Cheibriados.
             Mangled by a titanic slime creature (45 damage)
             ... on level 12 of the Dungeon.
             The game lasted 00:14:57 (10710 turns).

innerfire43 the Skirmisher (Demonspawn Monk)       Turns: 10710, Time: 00:14:58

Health: -7/73      AC: 10    Str: 23    XL:     10   Next: 30%
Magic:  10/10      EV: 24    Int: 18    God:    Cheibriados [***...]
Gold:   634        SH:  4    Dex: 29    Spells: 9/9 levels left

rFire   . . .        F - +1 shortbow (elec)
rCold   . . .        (shield currently unavailable)
rNeg    . . .        N - +2 troll leather armour
rPois   .            (helmet restricted)
rElec   .            w - scarf {repulsion}
rCorr   .            (no gloves)
SInv    .            K - +0 pair of boots
Will    .....        r - amulet of faith
Stlth   ++           q - +6 ring of dexterity
HPRegen 1.12/turn    M - +5 ring of evasion
MPRegen 0.12/turn

%: repel missiles, faith
@: very slow
A: reduced essence, horns 2, yellow scales 2, foul stench 1, condensation
shield, bedeviling
a: Renounce Religion, Bend Time, Temporal Distortion


You were on level 12 of the Dungeon.
You worshipped Cheibriados.
Cheibriados was most pleased with you.
You visited 2 branches of the dungeon, and saw 13 of its levels.

You collected 634 gold pieces.

Inventory:

Hand Weapons
 a - a +0 hand axe
 C - a +0 heavy shortbow
 F - a +1 shortbow of electrocution (weapon)
Armour
 b - a +0 robe
 d - an orb of light
 f - a +0 helmet
 w - a scarf of repulsion (worn)
 x - a +0 plate armour
 z - the +2 leather armour of the Dungeon {rC+ rN+++ Slay-5}
   (You found it on level 4 of the Dungeon)

   Slay:      It affects your accuracy & damage with ranged weapons and melee
   (-5).
   rC:        It protects you from cold.
   rN:        It renders you almost immune to negative energy.
 J - +0 steam dragon scales
 K - a +0 pair of boots (worn)
 N - a +2 troll leather armour (worn)
Jewellery
 q - a +6 ring of dexterity (left hand)
 r - an amulet of faith (around neck)
 I - a ring of wizardry
 M - a +5 ring of evasion (right hand)
 P - a ring of protection from cold
 Q - a ring of protection from cold
Wands
 c - a wand of iceblast (4)
 v - a wand of paralysis (14)
 D - a wand of digging (5)
 H - a wand of polymorph (13)
 L - a wand of mindburst (7)
Scrolls
 e - 2 scrolls of blinking
 g - a scroll of amnesia
 h - 8 scrolls of identify
 l - a scroll of silence {unknown}
 o - 3 scrolls of teleportation
 s - a scroll of vulnerability
 t - a scroll of fear
 y - a scroll of brand weapon
 A - a scroll of fog
 E - a scroll of noise
Potions
 i - 3 potions of curing {unknown}
 j - 2 potions of degeneration {unknown}
 k - 3 potions of attraction
 m - a potion of lignification
 n - 2 potions of enlightenment
 p - a potion of magic
 u - 3 potions of brilliance
 B - a potion of might {unknown}
 G - a potion of invisibility {unknown}
 O - a potion of cancellation


   Skills:
 + Level 8.4 Fighting
 - Level 5.1 Axes
 * Level 8.7 Ranged Weapons
 + Level 7.6 Dodging


You had 9 spell levels left.
You didn't know any spells.
Your spell library contained the following spells:

 Spells                   Type           Power      Damage    Failure   Level
 Apportation              Tloc           0%         N/A       26%         1
 Magic Dart               Conj           0%         1d3       26%         1
 Ensorcelled Hibernation  Hex/Ice        0%         N/A       36%         2
 Searing Ray              Conj           0%         2d4       36%         2
 Fulminant Prism          Conj/Hex       0%         3d5       94%         4
 Summon Ice Beast         Ice/Summ       0%         N/A       94%         4
 Alistair's Intoxication  Tmut/Pois      0%         N/A       100%        5
 Monstrous Menagerie      Summ           0%         N/A       100%        7
 Storm Form               Tmut/Air       0%         N/A       100%        7
 Summon Hydra             Summ           0%         N/A       100%        7
 Maxwell's Capacitive Co  Air            0%         ∞         100%        8


Dungeon Overview and Level Annotations

Branches:
Dungeon (12/15)            Temple (1/1) D:5            Lair (0/5) D:10
    Orc (0/2) D:10

Altars:
Ashenzari
Cheibriados
Fedhas
Gozag
Hepliaklqana
Kikubaaqudgha
Nemelex Xobeh
Okawaru
Qazlal
Sif Muna
Trog
Vehumet
Wu Jian
Xom

Shops:
D:6 =   D:8 :

Portals:
Ice
Cave: D:11


Innate Abilities, Weirdness & Mutations

Your life essence is reduced to manifest your ancestor. (-10% HP)
You have a pair of horns on your head.
You are mostly covered in yellow scales. (AC +3)
You may rarely emit foul miasma when damaged in melee.
A meltable shield of frost defends you. (SH +4)
Your hexes are more powerful.


Message History

The large slime creature completely misses you.
Fire: F) +1 shortbow (elec)
Press: ? - help, Q - select action, (/) - cycle Shift-Dir - straight line, f/p - large slime creature
Aim: a large slime creature (heavily wounded, 87% to hit)
You shoot an arrow.
The arrow hits the large slime creature!
Lightning courses through the large slime creature!!
The large slime creature is severely wounded.
The large slime creature completely misses you.
Fire: F) +1 shortbow (elec)
Press: ? - help, Q - select action, (/) - cycle Shift-Dir - straight line, f/p - large slime creature
Aim: a large slime creature (severely wounded, 87% to hit)
You shoot an arrow.
The arrow hits the large slime creature but does no damage.
The large slime creature is severely wounded.
Two slime creatures merge to form a very large slime creature.
Two slime creatures merge to form an enormous slime creature.
Fire: F) +1 shortbow (elec)
Press: ? - help, Q - select action, (/) - cycle Shift-Dir - straight line, f/p - enormous slime creature
Aim: an enormous slime creature (moderately wounded, 87% to hit)
You shoot an arrow.
The arrow hits the enormous slime creature.
The enormous slime creature is heavily wounded.
Two slime creatures merge to form a titanic slime creature.
Fire: F) +1 shortbow (elec)
Press: ? - help, Q - select action, (/) - cycle Shift-Dir - straight line, f/p - titanic slime creature
Aim: a titanic slime creature (moderately wounded, 87% to hit)
You shoot an arrow.
The arrow hits the titanic slime creature.
The titanic slime creature is moderately wounded.
The titanic slime creature misses you.
Fire: F) +1 shortbow (elec)
Press: ? - help, Q - select action, (/) - cycle Shift-Dir - straight line, f/p - titanic slime creature
Aim: a titanic slime creature (moderately wounded, 87% to hit)
You shoot an arrow.
The arrow hits the titanic slime creature!
The titanic slime creature is moderately wounded.
The titanic slime creature hits you!!!
Ouch! That really hurt!
You die...

#.# ..# #.# .# ##.## .#
#...# #####.# #...#
..##.#### #...#
##.#####.#.....# #...#
......J@.......#####...#
......##.#..............
........................
.........#....^.......).
......#####..#######.).#
...... #.....# #..(#
#####.##.##.## #...#
#.......# #...#
####.#### #...#


You could see a titanic slime creature.

Vanquished Creatures
  A centaur warrior (D:12)
  2 two-headed ogres
  A cyclops (D:11)
  An unseen horror (D:10)
  2 ice devils (D:11)
  2 trolls
  2 wraiths
  3 yaks (D:8)
  7 vampire mosquitoes (D:10)
  3 steam dragons
  An acid dragon (D:10)
  A water moccasin (D:5)
  2 sky beasts
  2 ice beasts
  3 orc warriors
  A black bear (D:5)
  3 ogres
  12 centaurs
  3 kobold brigands
  4 bullfrogs
  A gnoll sergeant (D:11)
  3 wights (D:9)
  13 killer bees
  An electric eel (D:10)
  4 hounds
  2 jellies
  5 orc priests
  A gnoll bouda (D:10)
  A sleepcap (D:5)
  4 iguanas
  6 orc wizards
  Robin (D:2)
  9 gnolls
  13 adders
  A white imp (D:6)
  3 ufetubi
  3 worms (D:2)
  4 dart slugs
  20 orcs
  4 endoplasms
  2 giant cockroaches
  15 goblins
  9 hobgoblins
  4 jackals (D:4)
  6 quokkas
  9 ball pythons
  9 bats
  2 frilled lizards
  20 kobolds
  6 rats
237 creatures vanquished.

Vanquished Creatures (collateral kills)
  Prince Ribbit (D:7)
  2 yaks (D:8)
  A wyvern (D:8)
  A water moccasin (D:7)
  2 sky beasts
  An ogre (D:6)
  Blork the orc (D:6)
  A kobold brigand (D:6)
  A wight (D:9)
  2 hounds (D:6)
  3 orcs (D:7)
  6 kobolds
22 creatures vanquished.

Vanquished Creatures (others)
  A knight (D:6)
1 creature vanquished.

Grand Total: 260 creatures vanquished

Notes
Turn   | Place    | Note
-------+----------+-------------------------------------------
     0 | D:1      | innerfire43 the Demonspawn Monk began the quest for the
                  | Orb.
     0 | D:1      | Reached XP level 1. HP: 18/18 MP: 1/1
   141 | D:1      | Gained mutation: A meltable shield of frost defends you.
                  | (SH +4) [demonic ancestry]
   141 | D:1      | Reached XP level 2. HP: 13/24 MP: 2/2
   454 | D:1      | Found Tocickemet's Antique Weapon Shop.
   475 | D:1      | Gained mutation: You have a pair of small horns on your
                  | head. [demonic ancestry]
   475 | D:1      | Reached XP level 3. HP: 29/29 MP: 3/3
  1095 | D:2      | Noticed Robin
  1099 | D:2      | Gained mutation: You have a pair of horns on your head.
                  | [demonic ancestry]
  1099 | D:2      | Reached XP level 4. HP: 36/37 MP: 4/4
  1109 | D:2      | Killed Robin
  2230 | D:3      | Gained mutation: You are partially covered in yellow
                  | scales. (AC +2) [demonic ancestry]
  2230 | D:3      | Reached XP level 5. HP: 38/42 MP: 5/5
  2888 | D:4      | Found a sparkling altar of Nemelex Xobeh.
  2891 | D:4      | Identified the +2 leather armour of the Dungeon {rC+ rN+++
                  | Slay-5}
  2912 | D:4      | Found a sand-covered staircase.
  2987 | D:4      | Got the Folio of the Productive Serac
  3168 | D:4      | Found a bloodstained altar of Trog.
  3499 | D:5      | Entered Level 5 of the Dungeon
  3527 | D:5      | Noticed a centaur
  3533 | D:5      | Killed a centaur
  3534 | D:5      | Reached XP level 6. HP: 15/50 MP: 6/6
  3845 | D:5      | Reached skill level 5 in Fighting
  3845 | D:5      | Reached skill level 1 in Ranged Weapons
  4039 | D:5      | Noticed a water moccasin
  4044 | D:5      | Killed a water moccasin
  4045 | D:5      | Gained mutation: You are mostly covered in yellow scales.
                  | (AC +3) [demonic ancestry]
  4045 | D:5      | Reached XP level 7. HP: 53/56 MP: 7/7
  4185 | D:5      | Reached skill level 5 in Axes
  4185 | D:5      | Reached skill level 5 in Dodging
  4307 | D:5      | Found a staircase to the Ecumenical Temple.
  4668 | Temple   | Entered the Ecumenical Temple
  4684 | Temple   | Became a worshipper of Hepliaklqana the Forgotten
  4684 | Temple   | Reached * piety under Hepliaklqana
  4684 | Temple   | Reached ** piety under Hepliaklqana
  4685 | Temple   | Remembered your ancestor Arammadara as a knight
  4778 | D:6      | Gained mutation: You may rarely emit foul miasma when
                  | damaged in melee. [demonic ancestry]
  4778 | D:6      | Reached XP level 8. HP: 57/57 MP: 8/8
  4940 | D:6      | Found Vuxewixt's Jewellery Shoppe.
  5110 | D:6      | Reached skill level 5 in Ranged Weapons
  5207 | D:6      | Noticed Blork the orc
  5213 | D:6      | Killed Blork the orc
  5262 | D:6      | Found a shimmering altar of Xom.
  5581 | D:7      | Reached XP level 9. HP: 36/63 MP: 9/9
  6043 | D:7      | Found a shimmering blue altar of Sif Muna.
  6064 | D:7      | Noticed Prince Ribbit
  6079 | D:7      | Killed Prince Ribbit
  6782 | D:8      | Found a stormy altar of Qazlal.
  6804 | D:8      | Reached *** piety under Hepliaklqana
  7037 | D:8      | Gained mutation: Your hexes are more powerful. [demonic
                  | ancestry]
  7037 | D:8      | Reached XP level 10. HP: 43/72 MP: 10/10
  7424 | D:8      | Found Burit's Book Shoppe.
  7529 | D:8      | Identified the +0 war axe of Cheibriados's Favour {heavy,
                  | rPois SInv Stlth-}
  7705 | D:8      | Found an iron altar of Okawaru.
  8204 | D:9      | Found a snail-covered altar of Cheibriados.
  8271 | D:9      | Reached **** piety under Hepliaklqana
  8288 | D:9      | Fell from the grace of Hepliaklqana
  8288 | D:9      | Became a worshipper of Cheibriados the Contemplative
  9110 | D:10     | Entered Level 10 of the Dungeon
  9223 | D:10     | Reached * piety under Cheibriados
  9287 | D:10     | Found an opulent altar of Gozag.
  9330 | D:10     | Found a staircase to the Orcish Mines.
  9482 | D:10     | Found a staircase to the Lair.
  9546 | D:10     | Noticed a two-headed ogre
  9554 | D:10     | Killed a two-headed ogre
  9965 | D:11     | Noticed a cyclops
  9971 | D:11     | Killed a cyclops
  9980 | D:11     | Reached ** piety under Cheibriados
 10165 | D:11     | Reached *** piety under Cheibriados
 10266 | D:11     | Found a frozen archway.
 10499 | D:12     | Noticed a two-headed ogre
 10509 | D:12     | Killed a two-headed ogre
 10603 | D:12     | Noticed a centaur warrior
 10608 | D:12     | Killed a centaur warrior
 10710 | D:12     | Mangled by a titanic slime creature

Illustrated notes

Levels and vault maps discovered:
D:1:      minmay_arrival_up_and_down, layout_basic, serial_shops, shop
D:2:      layout_loops_ring, minmay_tree_intersection,
          roderic_nine_men_s_morris, uniq_robin
D:3:      layout_loops_corners, st_stairs_3, chequers_serial_rivers_large_a
D:4:      layout_rooms, old_standard_altar, trog_butcher_becter,
          nicolae_ossuary_entry_false_entrances
D:5:      layout_basic, minmay_temple_entry_grid, serial_curves, eino_curves_03,
          eino_curves_02, eino_curves_04, eino_curves_02
D:6:      layout_gridville, mainiacjoe_overflow_catwalk, serial_shops, shop,
          uniq_blork_the_orc
D:7:      layout_loops_corners, mainiacjoe_overflow_paths, uniq_prince_ribbit1
D:8:      layout_basic, hellmonk_okawaru_the_only_friend_you_need,
          mainiacjoe_overflow_small_starburst, serial_shops, shop
D:9:      layout_stronghold, mainiacjoe_overflow_concentric_impassable
D:10:     layout_basic, grunt_temple_overflow_open, jmf_multi_god_temple,
          orc_0_dummy
D:11:     layout_cross, portal_ice_cave_demonic_guard
D:12:     layout_loops_cross
Temple:   hellmonk_temple_rainy

Skill      XL: |  1  2  3  4  5  6  7  8  9 |
---------------+----------------------------+-----
Axes           | 3 4 5 |  5.1
Dodging        | 3 4 5 6 7 |  7.6
Fighting       | 4 5 6 8 |  8.4
Ranged Weapons | 1 3 5 8 |  8.7

Action                     |  1- 3 |  4- 6 |  7- 9 | 10-12 || total
---------------------------+-------+-------+-------+-------++-------
  Melee: Hand axe          |   111 |   153 |       |    11 ||   275
         Headbutt          |     8 |    35 |       |     3 ||    46
   Fire: Shortbow          |       |    22 |   204 |   357 ||   583
 Invoke: Ancestor Life: Kn |       |       |     1 |       ||     1
    Use: Scroll            |       |       |       |    11 ||    11
         Potion            |       |       |       |     8 ||     8
 Armour: Robe              |    15 |    40 |    21 |     1 ||    77
         Troll leather arm |       |       |       |    51 ||    51
         Skin              |       |       |       |    48 ||    48
         Steam dragon scal |       |       |       |     2 ||     2
  Dodge: Dodged            |    63 |   103 |    69 |   442 ||   677
         Repelled          |       |       |       |     4 ||     4
  Block: Orb               |    18 |    22 |       |       ||    40
         Other             |       |     3 |    24 |    75 ||   102

Table legend: (Time is in decaauts)
 A = Elapsed time spent in this place.
 B = Non-inter-level travel time spent in this place.
 C = Inter-level travel time spent in this place.
 D = Time resting spent in this place.
 E = Time spent auto-exploring this place.
 F = Levels seen in this place.
 G = Mean time per level.
                   A        B        C        D        E       F      G
               +--------+--------+--------+--------+--------+-----+--------+
         Total |  11665 |  10937 |    728 |      0 |   9058 |  13 |  897.3 |
       Dungeon |  11637 |  10933 |    704 |      0 |   9058 |  12 |  969.8 |
        Temple |     27 |      3 |     24 |      0 |      0 |   1 |   27.0 |
               +--------+--------+--------+--------+--------+-----+--------+

Top non-repeatable levels by time:
     D:9: 1314 daAuts
     D:7: 1296 daAuts
     D:8: 1245 daAuts
     D:5: 1240 daAuts
    D:10: 1046 daAuts
     D:3: 998 daAuts
     D:2: 968 daAuts
     D:6: 868 daAuts
     D:4: 791 daAuts
     D:1: 777 daAuts
    D:11: 707 daAuts
    D:12: 383 daAuts
  Temple: 27 daAuts
